 Dungeon Crawl Stone Soup version 0.29-a0-283-ga02f740833 (webtiles) character file.

Game seed: 7194863660442963801

44 Anunax the Firebug (level 3, -1/21 HPs)
             Began as an Octopode Fire Elementalist on Mar 13, 2022.
             Slain by a goblin
             ... wielding a +0 dagger
             ... led by Robin
              (3 damage)
             ... on level 2 of the Dungeon.
             The game lasted 00:05:08 (1335 turns).

Anunax the Firebug (Octopode Fire Elementalist)     Turns: 1335, Time: 00:05:09

Health: -1/21      AC:  1    Str:  7    XL:     3   Next: 62%
Magic:  1/6        EV: 13    Int: 19    God:
Gold:   77         SH:  0    Dex: 12    Spells: 6/7 levels left

rFire   + . .      SeeInvis .   m - staff of fire
rCold   . . .      Faith    .   (no shield)
rNeg    . . .      Spirit   .   (helmet restricted)
rPois   .          Reflect  .   (no amulet)
rElec   .          Harm     .   (no ring)
rCorr   .          Rampage  .   (no ring)
Will    .....                   (no ring)
Stlth   +++.......              (no ring)
HPRegen 0.07/turn               (no ring)
MPRegen 0.10/turn               (no ring)
                                (no ring)
                                (no ring)

@: no status effects
A: almost no armour, amphibious, 8 rings, camouflage 1, gelatinous body 1,
(nimble swimmer 1), tentacles
a: no special abilities


You were on level 2 of the Dungeon.
You visited 1 branch of the dungeon, and saw 2 of its levels.

You collected 77 gold pieces.

Inventory:

Magical Staves
 m - a staff of fire (weapon)
Scrolls
 b - a scroll of vulnerability {unknown}
 c - 2 scrolls of identify {unknown}
 d - a scroll of fear {unknown}
 g - a scroll of noise {unknown}
 i - a scroll of teleportation {unknown}
 j - a scroll of enchant armour {unknown}
Potions
 a - a potion of magic
 e - 2 potions of flight {unknown}
 f - a potion of brilliance {unknown}
 h - a potion of invisibility {unknown}
 k - a potion of cancellation {unknown}
 l - a potion of attraction {unknown}


   Skills:
 + Level 2.2 Dodging
 + Level 3.1 Stealth
 + Level 2.5 Spellcasting
 + Level 1.2 Conjurations
 + Level 3.7 Fire Magic


You had 6 spell levels left.
You knew the following spells:

 Your Spells              Type           Power      Damage    Failure   Level
a - Foxfire               Conj/Fire      68%        2x1d7     6%          1

Your spell library contained the following spells:

 Spells                   Type           Power      Damage    Failure   Level
 Scorch                   Fire           48%        2d7       5%          2
 Conjure Flame            Conj/Fire      17%        6-21      17%         3
 Inner Flame              Hex/Fire       14%        N/A       22%         3
 Flame Wave               Conj/Fire      17%        2d6       50%         4


Dungeon Overview and Level Annotations

Branches:
Dungeon (2/15)

Altars:
Sif Muna

Annotations:
D:2 Robin


Innate Abilities, Weirdness & Mutations

You cannot wear most types of armour.
You are amphibious.
You can wear up to eight rings at the same time.
Your skin changes colour to match your surroundings (Stealth+).
Your rubbery body absorbs attacks. (AC +1, EV +1)
((You are camouflaged when in or above water. (Stealth+)))
You have tentacles for arms and can constrict up to eight enemies at once.


Message History

Robin is severely wounded.
The foxfire hits Robin but does no damage.
Robin is severely wounded.
Casting: Foxfire (safe; 6% risk of failure)
Confirm with . or Enter, or press ? or * to list all spells.
You don't have enough magic to cast this spell.
Robin roars a battlecry!
The goblin goes into a battle-frenzy!
Robin throws the goblin at you! The goblin hits you but does no damage.
You closely miss the goblin. Your grab misses the goblin.
Robin throws the goblin at you! The goblin completely misses you.
The goblin hits you but does no damage.
You hit the goblin. You grab the goblin. You squeeze the goblin.
You kill the goblin!
The goblin hits you with a +0 dagger. x2
The goblin attacks as you move away! The goblin hits you with a +0 dagger.
Things that are here:
a +0 club; a goblin corpse The goblin attacks as you move away!
The goblin hits you but does no damage. Robin throws the goblin at you!
The goblin barely misses you.
You hit the goblin but do no damage. You grab the goblin.
You constrict the goblin. The goblin closely misses you.
The goblin hits you with a +0 dagger.
* * * LOW HITPOINT WARNING * * *
You hit the goblin.
The goblin is severely wounded.
You constrict the goblin.
You kill the goblin!
The goblin no longer looks unusually strong. x2
The goblin hits you with a +0 dagger.
* * * LOW HITPOINT WARNING * * *
The goblin closely misses you. The goblin hits you but does no damage.
Robin roars a battlecry!
The goblins go into a battle-frenzy!
The goblin completely misses you.
Things that are here:
a +0 club; a goblin corpse The goblin attacks as you move away!
The goblin barely misses you. The goblin attacks as you move away!
The goblin hits you with a +0 dagger.
You die...

..## ##.####.....#
#.#.)##.# ### #.# #.....#
#.#.###.# #.# #######
#.#.###.# #.# #.......#
#####.# ###.#####
#...#.#### #.#
#####........# #.#
..........##.###########.#
............g.gg@........#
...........)g##g..########
........)..#.......#
.............##...##
.........#.####..##
....≈..))#... ..##
..♣≈)....######## ♣≈....


You could see Robin and 4 goblins.

Vanquished Creatures
  An adder (D:2)
  3 ball pythons
  An endoplasm (D:1)
  3 giant cockroaches (D:2)
  10 goblins
  3 hobgoblins
  2 jackals (D:1)
  A bat (D:1)
  3 frilled lizards
  5 rats
32 creatures vanquished.

Vanquished Creatures (others)
  67 foxfires
  4 plants (D:2)
71 creatures vanquished.

Grand Total: 103 creatures vanquished

Notes
Turn   | Place    | Note
-------+----------+-------------------------------------------
     0 | D:1      | Anunax the Octopode Fire Elementalist began the quest for
                  | the Orb.
     0 | D:1      | Reached XP level 1. HP: 11/11 MP: 3/3
   199 | D:1      | Reached XP level 2. HP: 17/17 MP: 1/5
   496 | D:1      | Found a faded altar of an unknown god.
   879 | D:2      | Reached XP level 3. HP: 21/21 MP: 4/6
  1231 | D:2      | Found a shimmering blue altar of Sif Muna.
  1315 | D:2      | Noticed Robin
  1335 | D:2      | Slain by a goblin

Illustrated notes

Levels and vault maps discovered:
D:1:      wander_arrival_peaceful_grave, layout_basic, basic_ecumenical_altar,
          hex_tiny
D:2:      layout_loops_cross, serial_bayou, serial_bayou_pond_b,
          serial_bayou_pond_a, serial_bayou_pond_d, serial_bayou_pond_b,
          basic_altar, uniq_robin

Skill      XL: |  1  2  3 |
---------------+----------+-----
Stealth        | 3 |  3.1
Dodging        | |  2.2
Spellcasting   | |  2.5
Conjurations   | |  1.2
Fire Magic     | |  3.7

Action                   || total
-------------------------++-------
Melee: Unarmed           ||     8
       Constrict         ||     4
       Tentacles         ||     3
       Staff             ||     4
 Cast: Foxfire           ||    38
Armor: Skin              ||     5
Dodge: Dodged            ||    12

Table legend: (Time is in decaauts)
 A = Elapsed time spent in this place.
 B = Non-inter-level travel time spent in this place.
 C = Inter-level travel time spent in this place.
 D = Time resting spent in this place.
 E = Time spent auto-exploring this place.
 F = Levels seen in this place.
 G = Mean time per level.
                   A        B        C        D        E       F      G
               +--------+--------+--------+--------+--------+-----+--------+
         Total |   1335 |   1325 |     10 |    188 |    932 |   2 |  667.5 |
       Dungeon |   1335 |   1325 |     10 |    188 |    932 |   2 |  667.5 |
               +--------+--------+--------+--------+--------+-----+--------+

Top non-repeatable levels by time:
     D:1: 710 daAuts
     D:2: 625 daAuts
